 Dungeon Crawl Stone Soup version 0.30-a0-739-gea05faddec (webtiles) character file.

Game seed: 8507470287699965305

1672 Leeroy the Thaumaturge (level 9, -1/42 HPs)
             Began as a Vine Stalker Warper on Feb 4, 2023.
             Was a Believer of Uskayaw.
             Slain by Prince Ribbit (6 damage)
             ... on level 6 of the Dungeon.
             The game lasted 00:09:55 (4510 turns).

Leeroy the Thaumaturge (Vine Stalker Warper)        Turns: 4510, Time: 00:09:56

Health: -1/42      AC:  6    Str: 13    XL:     9   Next: 1%
Magic:  0/22       EV: 12    Int: 13    God:    Uskayaw [**....]
Gold:   181        SH:  0    Dex: 19    Spells: 20/25 levels left

rFire   . . .      SeeInvis .    r - +1 dagger (elec)
rCold   . . .      Faith    .    (no shield)
rNeg    + . .      Spirit   +    p - +0 steam dragon scales
rPois   +          Reflect  .    (no helmet)
rElec   .          Harm     .    k - +0 cloak
rCorr   .          Rampage  .    (no gloves)
Will    +....                    (no boots)
Stlth   ++                       m - amulet of the acrobat
HPRegen 1.07/turn                h - ring of positive energy
MPRegen 0.18/turn                c - ring of poison resistance

@: no status effects
A: fangs 3, regeneration 1, magic shield, antimagic bite, no potion heal 2
a: Renounce Religion, Stomp, Line Pass


You were on level 6 of the Dungeon.
You worshipped Uskayaw.
Uskayaw was noncommittal.
You visited 2 branches of the dungeon, and saw 7 of its levels.

You collected 278 gold pieces.
You spent 97 gold pieces at shops.

Inventory:

Hand Weapons
 a - a +0 falchion
 r - a +1 dagger of electrocution (weapon)
 x - a +0 whip of venom
 A - a +0 vampiric trident
 D - a +0 rapier
 F - a +0 broad axe
Missiles
 d - 4 boomerangs of dispersal
 l - 5 silver boomerangs
 E - 3 boomerangs (quivered)
 G - 2 poisoned darts
Armour
 b - a +0 leather armour
 k - a +0 cloak (worn)
 p - +0 steam dragon scales (worn)
Magical Staves
 u - a staff of death
Jewellery
 c - a ring of poison resistance (right hand)
 h - a ring of positive energy (left hand)
 m - an amulet of the acrobat (around neck)
Wands
 q - a wand of digging (7)
Scrolls
 j - 2 scrolls of enchant armour
 o - 2 scrolls of identify
 s - 2 scrolls of poison
 w - 2 scrolls of enchant weapon
 y - a scroll of immolation {unknown}
 B - a scroll of teleportation {unknown}
Potions
 e - 4 potions of curing {unknown}
 f - 2 potions of might {unknown}
 g - a potion of resistance {unknown}
 i - a potion of heal wounds {unknown}
 n - a potion of haste {unknown}
 t - a potion of berserk rage {unknown}
 v - a potion of invisibility {unknown}
 z - 2 potions of mutation {unknown}
 C - a potion of attraction {unknown}


   Skills:
 - Level 1.7 Fighting
 - Level 6.3 Long Blades
 - Level 0.1(0.2) Axes
 - Level 0.1(0.2) Polearms
 - Level 0.1 Ranged Weapons
 - Level 0.8 Throwing
 - Level 0.7 Armour
 - Level 1.5 Dodging
 - Level 0.1 Shields
 * Level 8.9 Spellcasting
 - Level 0.2 Conjurations
 - Level 0.2 Hexes
 - Level 0.2 Summonings
 - Level 3.0 Translocations
 - Level 0.2 Transmutations
 - Level 0.2 Fire Magic
 - Level 0.2 Ice Magic
 - Level 0.1 Air Magic
 - Level 0.2 Earth Magic
 - Level 0.2 Poison Magic
 - Level 0.2 Invocations


You had 20 spell levels left.
You knew the following spells:

 Your Spells              Type           Power      Damage    Failure   Level
a - Blink                 Tloc           26%        N/A       5%          2
b - Vhi's Electric Charg  Tloc/Air       18%        N/A       21%         3

Your spell library contained the following spells:

 Spells                   Type           Power      Damage    Failure   Level
 Lesser Beckoning         Tloc           26%        N/A       5%          2
 Summon Small Mammal      Summ           24%        N/A       11%         1
 Teleport Other           Tloc           13%        N/A       11%         3
 Sandblast                Erth           12%        2d6       12%         1
 Necrotise                Necr           20%        1d5       13%         1
 Passwall                 Tmut/Erth      5%         N/A       17%         2
 Static Discharge         Conj/Air       12%        2-3/arc   19%         2
 Stone Arrow              Conj/Erth      12%        3d7       34%         3
 Vampiric Draining        Necr           5%         2d6       36%         3
 Manifold Assault         Tloc           13%        N/A       36%         4
 Arcjolt                  Conj/Air       3%         1d13      97%         5
 Lightning Bolt           Conj/Air       3%         1d14      97%         5
 Agony                    Necr           5%         N/A       98%         5


Dungeon Overview and Level Annotations

Branches:
Dungeon (6/15)             Temple (1/1) D:6

Altars:
Ashenzari
Cheibriados
Dithmenos
Elyvilon
Fedhas
Gozag
Kikubaaqudgha
Makhleb
Nemelex Xobeh
Ru
Sif Muna
Trog
Uskayaw
Vehumet
Wu Jian
Xom
Yredelemnul
Zin
The Shining One

Shops:
D:4 *   D:6 (:

Annotations:
D:6 Dowan, Prince Ribbit


Innate Abilities, Weirdness & Mutations

You have razor-sharp teeth.
Your natural rate of healing is unusually fast.
When hurt, damage is shared between your health and your magic reserves.
Your bite disrupts and absorbs the magic of your enemies.
Potions cannot restore your health.


Message History

You closely miss Prince Ribbit. Your bite misses Prince Ribbit.
Prince Ribbit is moderately wounded.
Prince Ribbit falters for a moment.
Prince Ribbit hits you!
You hit Prince Ribbit.
Prince Ribbit is moderately wounded.
Prince Ribbit hits you but does no damage.
You can now pass through a line of other dancers.
You miss Prince Ribbit. Your bite misses Prince Ribbit.
Prince Ribbit is moderately wounded.
Prince Ribbit hits you.
You miss Prince Ribbit. Your bite misses Prince Ribbit.
Prince Ribbit is moderately wounded.
Prince Ribbit misses you.
You hit Prince Ribbit. Your bite misses Prince Ribbit.
Prince Ribbit is heavily wounded.
Prince Ribbit hits you!
* * * LOW HITPOINT WARNING * * *
You barely miss Prince Ribbit.
Prince Ribbit is heavily wounded.
Prince Ribbit falters for a moment.
You hit Prince Ribbit. Your bite misses Prince Ribbit.
Prince Ribbit is heavily wounded.
Prince Ribbit hits you!
* * * LOW HITPOINT WARNING * * *
Throw: 3 boomerangs
Press: ? - help, Q - select action, (/) - cycle Shift-Dir - straight line, f/p - Prince Ribbit
Aim: Prince Ribbit (heavily wounded, magic disrupted, 39% to hit)
You throw a boomerang.
The boomerang closely misses Prince Ribbit.
Prince Ribbit closely misses you. Prince Ribbit barely misses you.
Okay, then.
Okay, then.
Throw: 3 boomerangs
Press: ? - help, Q - select action, (/) - cycle Shift-Dir - straight line, f/p - Prince Ribbit
Aim: Prince Ribbit (heavily wounded, magic disrupted, 39% to hit)
You throw a boomerang. The boomerang misses Prince Ribbit.
Prince Ribbit's magic is no longer disrupted.
Prince Ribbit closely misses you. x2
Prince Ribbit attacks as you move away! Prince Ribbit hits you!
You die...

#.......
#......####....#. ...
#........##....' . ..#
#........##....#..
..e## #........##......
.... #....).#.##....#
...#.. #........##...
#.8..
#...<..#.##F#####..#
###.##.##.@........#
#..##.#................
#.###.##8........8.....
#.# #.############.#8..
#.# #...###.# .# .. #.#
#........ .## . #.#
#.###..#. #.# # ##.#
#.# ...# #.# #+## #..#
#.# #.# ##.###...


You could see Prince Ribbit.

Vanquished Creatures
  Maggie (D:6)
  Grinder (D:3)
  Edmund (D:5)
  A water moccasin (D:6)
  An orc warrior (D:5)
  An ogre (D:6)
  2 centaurs
  A phantom (D:4)
  A scorpion (D:6)
  A necrophage (D:4)
  2 orc priests
  2 hounds
  Terence (D:2)
  2 iguanas (D:5)
  An orc wizard (D:4)
  5 gnolls
  6 adders
  4 adder zombies (D:2)
  A worm (D:5)
  2 dart slugs
  25 orcs
  2 ball pythons
  5 bats
  3 bat skeletons (D:2)
  13 endoplasms
  3 giant cockroaches
  6 goblins
  4 hobgoblins
  10 jackals
  2 quokkas
  A ball python zombie (D:2)
  4 frilled lizards
  4 kobolds
  A quokka skeleton (D:2)
  A rat (D:3)
121 creatures vanquished.

Notes
Turn   | Place    | Note
-------+----------+-------------------------------------------
     0 | D:1      | Leeroy the Vine Stalker Warper began the quest for the Orb.
     0 | D:1      | Reached XP level 1. HP: 11/11 MP: 4/4
   338 | D:1      | Reached XP level 2. HP: 15/15 MP: 6/6
   403 | D:1      | Learned a level 2 spell: Blink
   727 | D:1      | Found a faded altar of an unknown god.
   732 | D:1      | Got Plato's Catalogue of Companions
   852 | D:1      | Reached XP level 3. HP: 17/18 MP: 7/7
  1174 | D:2      | Gained mutation: Your natural rate of healing is unusually
                  | fast. [Vine Stalker growth]
  1174 | D:2      | Reached XP level 4. HP: 23/23 MP: 5/8
  1181 | D:2      | Learned a level 3 spell: Vhi's Electric Charge
  1614 | D:3      | Noticed Terence
  1667 | D:2      | Killed Terence
  1668 | D:2      | Reached XP level 5. HP: 16/26 MP: 6/9
  1816 | D:3      | Reached skill level 5 in Long Blades
  1840 | D:3      | Noticed Grinder
  1865 | D:3      | Killed Grinder
  1866 | D:3      | Reached XP level 6. HP: 15/30 MP: 4/10
  2606 | D:4      | Reached skill level 3 in Spellcasting
  2606 | D:4      | Reached XP level 7. HP: 28/34 MP: 8/12
  2658 | D:4      | Found Huaj's General Store.
  2738 | D:4      | Reached skill level 4 in Spellcasting
  3164 | D:5      | Entered Level 5 of the Dungeon
  3165 | D:5      | Found a shimmering blue altar of Sif Muna.
  3196 | D:5      | Noticed a wyvern
  3339 | D:5      | Reached skill level 5 in Spellcasting
  3457 | D:5      | Noticed Edmund
  3479 | D:5      | Killed Edmund
  3480 | D:5      | Gained mutation: You have razor-sharp teeth. [Vine Stalker
                  | growth]
  3480 | D:5      | Reached XP level 8. HP: 16/38 MP: 11/17
  3522 | D:4      | Bought a scroll of enchant weapon for 97 gold pieces
  3634 | D:5      | Found a snail-covered altar of Cheibriados.
  3772 | D:5      | Reached skill level 6 in Spellcasting
  3919 | D:6      | Found Oxkilug's Book Boutique.
  3934 | D:6      | Found Digguul's Antique Weapon Shop.
  3945 | D:6      | Reached skill level 7 in Spellcasting
  3989 | D:6      | Found a staircase to the Ecumenical Temple.
  4004 | Temple   | Entered the Ecumenical Temple
  4135 | Temple   | Became a worshipper of Uskayaw the Reveller
  4258 | D:6      | Reached * piety under Uskayaw
  4280 | D:6      | Reached ** piety under Uskayaw
  4287 | D:6      | Reached *** piety under Uskayaw
  4289 | D:6      | Reached skill level 8 in Spellcasting
  4320 | D:6      | Noticed Maggie
  4392 | D:6      | Killed Maggie
  4393 | D:6      | Reached XP level 9. HP: 29/42 MP: 17/22
  4488 | D:6      | Noticed Dowan
  4493 | D:6      | Noticed Prince Ribbit
  4507 | D:6      | HP: 2/42 [Prince Ribbit (6)]
  4510 | D:6      | Slain by Prince Ribbit

Illustrated notes

Levels and vault maps discovered:
D:1:      amcnicky_arrival_flooded_fountain, layout_basic,
          shapermc_ecumenical_altar_rom_forum, minmay_cut_off
D:2:      layout_rooms, serial_undead, serial_undead_c, serial_undead_a,
          serial_undead_e, serial_undead_a
D:3:      layout_basic, uniq_grinder, uniq_terence
D:4:      layout_basic, serial_shops, nicolae_take_the_stairs
D:5:      layout_basic, mainiacjoe_overflow_brackets,
          mainiacjoe_overflow_tiny_flanked, uniq_edmund
D:6:      hellmonk_crumbling_castle, layout_rooms,
          minmay_temple_entry_purple_smoke, serial_shops, kennysheep_little_box,
          shop, uniq_menkaure, uniq_maggie, uniq_duvessa,
          uniq_crazy_yiuf_cottage, uniq_prince_ribbit1
Temple:   minmay_crystal_spiral_temple

Skill      XL: |  1  2  3  4  5  6  7  8 |
---------------+-------------------------+-----
Long Blades    | 2 3 4 6 |  6.3
Spellcasting   | 3 5 8 |  8.9
Fighting       | |  1.7
Axes           | |  0.1
Polearms       | |  0.1
Ranged Weapons | |  0.1
Throwing       | |  0.8
Armour         | |  0.7
Dodging        | |  1.5
Shields        | |  0.1
Conjurations   | |  0.2
Hexes          | |  0.2
Summonings     | |  0.2
Translocations | |  3.0
Transmutations | |  0.2
Fire Magic     | |  0.2
Ice Magic      | |  0.2
Air Magic      | |  0.1
Earth Magic    | |  0.2
Poison Magic   | |  0.2
Invocations    | |  0.2

Action                     |  1- 3 |  4- 6 |  7- 9 || total
---------------------------+-------+-------+-------++-------
  Melee: Falchion          |   103 |    99 |       ||   202
         Bite              |    16 |    54 |    64 ||   134
         Dagger            |       |    62 |   177 ||   239
         Punch             |       |     1 |     1 ||     2
  Throw: Dart              |       |     1 |     2 ||     3
         Boomerang         |       |       |     7 ||     7
   Cast: Vhi's Electric Ch |       |     1 |     4 ||     5
         Blink             |       |       |     1 ||     1
    Use: Scroll            |       |       |     4 ||     4
   Stab: Sleeping          |       |     2 |     4 ||     6
         Paralysed         |       |       |     1 ||     1
 Armour: Leather armour    |    41 |    34 |    22 ||    97
         Steam dragon scal |       |       |     3 ||     3
  Dodge: Dodged            |    88 |    78 |    95 ||   261

Table legend: (Time is in decaauts)
 A = Elapsed time spent in this place.
 B = Non-inter-level travel time spent in this place.
 C = Inter-level travel time spent in this place.
 D = Time resting spent in this place.
 E = Time spent auto-exploring this place.
 F = Levels seen in this place.
 G = Mean time per level.
                   A        B        C        D        E       F      G
               +--------+--------+--------+--------+--------+-----+--------+
         Total |   4493 |   4170 |    323 |    243 |   2841 |   7 |  641.9 |
       Dungeon |   4280 |   4037 |    243 |    243 |   2730 |   6 |  713.3 |
        Temple |    212 |    132 |     80 |      0 |    111 |   1 |  212.0 |
               +--------+--------+--------+--------+--------+-----+--------+

Top non-repeatable levels by time:
     D:1: 1060 daAuts
     D:4: 891 daAuts
     D:2: 745 daAuts
     D:5: 584 daAuts
     D:3: 559 daAuts
     D:6: 439 daAuts
  Temple: 212 daAuts
